 Dungeon Crawl Stone Soup version 0.30-a0-476-g330ca2eb8e (webtiles) character file.

Game seed: 14448465360867880928

38777 Sabo the Protected (level 13, -5/118 HPs)
             Began as an Armataur Fighter on Dec 20, 2022.
             Was the Champion of Qazlal.
             Slain by a titanic slime creature (19 damage)
             ... on level 13 of the Dungeon on Dec 21, 2022.
             The game lasted 01:24:56 (13001 turns).

Sabo the Protected (Armataur Fighter)              Turns: 13001, Time: 01:24:57

Health: -5/118     AC: 31    Str: 32    XL:     13   Next: 65%
Magic:  13/13      EV:  7    Int:  9    God:    Qazlal [******]
Gold:   537        SH: 15    Dex: 16    Spells: 12/12 levels left

rFire   . . .      SeeInvis .    m - +5 morningstar (vorpal)
rCold   + . .      Faith    .    c - +0 buckler
rNeg    . . .      Spirit   .    u - +7 plate armour of Satisfaction {rPois rC+}
rPois   +          Reflect  .    n - +0 helmet
rElec   .          Harm     .    O - +2 cloak {rCorr}
rCorr   +          Roll     +    v - +1 pair of gloves
Will    .....                    (no barding)
Stlth   ..........               w - amulet of regeneration
HPRegen 1.19/turn                i - +6 ring of strength
MPRegen 0.13/turn                o - +6 ring of dexterity

@: protected from physical damage, repel missiles
A: large, rugged brown scales 3, deformed body, armoured tail, roll, long
tongue, awkward tongue
a: Renounce Religion, Upheaval, Elemental Force, Disaster Area


You were on level 13 of the Dungeon.
You worshipped Qazlal.
Qazlal was exalted by your worship.
You visited 1 branch of the dungeon, and saw 13 of its levels.
You also visited: Ossuary and Bailey.

You collected 866 gold pieces.
You spent 329 gold pieces at shops.

Inventory:

Hand Weapons
 l - a +5 broad axe
 m - a +5 vorpal morningstar (weapon)
 D - a +3 battleaxe
 F - a +5 morningstar
 N - a +0 longbow
Missiles
 e - 37 poisoned darts (quivered)
 q - 7 javelins
 x - 5 atropa-tipped darts
Armour
 c - a +0 buckler (worn)
 n - a +0 helmet (worn)
 u - the +7 plate armour of Satisfaction (worn) {rPois rC+}
   (You found it on level 5 of the Dungeon)

   rC:        It protects you from cold.
   rPois:     It protects you from poison.
 v - a +1 pair of gloves (worn)
 O - a +2 cloak of preservation (worn)
Jewellery
 i - a +6 ring of strength (left hand)
 o - a +6 ring of dexterity (right hand)
 w - an amulet of regeneration (around neck)
 A - a ring of positive energy
Wands
 B - a wand of mindburst (18)
 C - a wand of paralysis (12)
 K - a wand of flame (14)
 L - a wand of digging (7)
 M - a wand of iceblast (9)
Scrolls
 d - 4 scrolls of teleportation
 f - 8 scrolls of blinking
 y - 2 scrolls of magic mapping
 H - a scroll of fear
 I - 3 scrolls of fog
Potions
 b - 6 potions of curing
 h - 6 potions of mutation
 k - 3 potions of might
 p - 3 potions of haste
 r - a potion of berserk rage {unknown}
 s - 2 potions of flight
 t - a potion of resistance {unknown}
 G - a potion of invisibility {unknown}
 P - a potion of ambrosia


   Skills:
 + Level 9.4 Fighting
 + Level 3.2(8.5) Axes
 + Level 13.3(13.5) Maces & Flails
 + Level 13.3 Armour
 + Level 1.6 Dodging
 + Level 1.9 Stealth
 + Level 11.6 Shields


You had 12 spell levels left.
You didn't know any spells.
Your spell library contained the following spells:

 Spells                   Type           Power      Damage    Failure   Level
 Apportation              Tloc           0%         N/A       94%         1
 Beastly Appendage        Tmut           0%         N/A       94%         1
 Magic Dart               Conj           0%         1d3       94%         1
 Shock                    Conj/Air       0%         1d3       94%         1
 Searing Ray              Conj           0%         2d4       98%         2
 Sublimation of Blood     Necr           0%         N/A       98%         2
 Wereblood                Tmut           0%         N/A       98%         2
 Spider Form              Tmut/Pois      0%         N/A       100%        3
 Swiftness                Air            0%         N/A       100%        3
 Airstrike                Air            0%         2d(0-16)  100%        4
 Animate Armour           Summ/Erth      0%         N/A       100%        4
 Fulminant Prism          Conj/Hex       0%         3d5       100%        4
 Petrify                  Tmut/Erth      0%         N/A       100%        4
 Summon Lightning Spire   Summ/Air       0%         N/A       100%        4
 Alistair's Intoxication  Tmut/Pois      0%         N/A       100%        5
 Blade Hands              Tmut           0%         N/A       100%        5
 Irradiate                Conj/Tmut      0%         3d11      100%        5
 Iron Shot                Conj/Erth      0%         9d1       100%        6
 Storm Form               Tmut/Air       0%         N/A       100%        7
 Maxwell's Capacitive Co  Air            0%         ∞         100%        8


Dungeon Overview and Level Annotations

Branches:
Dungeon (13/15)            Temple (0/1) D:6            Lair (0/5) D:11
    Orc (0/2) D:11        Ossuary (visited)          Bailey (visited)
 Vaults: D:13-14

Altars:
Nemelex Xobeh
Qazlal
Vehumet
Xom
The Shining One

Shops:
D:1 *   D:2 [   D:11 [


Innate Abilities, Weirdness & Mutations

You are completely covered in rugged brown scales. (AC +3, +7% HP)
Armour fits poorly on your strangely shaped body.
You have a long armoured tail.
You roll when moving toward enemies. (Rampage)
Your long tongue fully drains potion bottles. (2x potion effects)
Your tongue gives you trouble enunciating. (1.5x scroll delay)


Message History

The very large slime creature is heavily wounded.
The very large slime creature barely misses you.
Two slime creatures merge to form an enormous slime creature.
You skewer the enormous slime creature like a kebab!!!
The enormous slime creature is heavily wounded.
You bludgeon the enormous slime creature!!
The enormous slime creature is severely wounded.
The enormous slime creature hits you!!!
Ouch! That really hurt!
You hit the enormous slime creature.
You tail-slap the enormous slime creature.
The enormous slime creature is severely wounded.
You hit the enormous slime creature.
The enormous slime creature is severely wounded.
Two slime creatures merge to form a titanic slime creature.
You puncture the titanic slime creature!
The titanic slime creature is severely wounded.
You block the titanic slime creature's attack.
You puncture the titanic slime creature!
You tail-slap the titanic slime creature.
The titanic slime creature is severely wounded.
You block the titanic slime creature's attack.
You hit the titanic slime creature.
The titanic slime creature is severely wounded.
You block the titanic slime creature's attack.
You puncture the titanic slime creature!
You tail-slap the titanic slime creature!
The titanic slime creature is severely wounded.
You puncture the titanic slime creature!
The titanic slime creature is almost dead.
The titanic slime creature hits you!!
You feel protected from physical attacks.
You hit the titanic slime creature.
The titanic slime creature is almost dead.
The titanic slime creature hits you!!
* * * LOW HITPOINT WARNING * * *
You barely miss the titanic slime creature.
The titanic slime creature is almost dead.
The titanic slime creature hits you!!
You die...

....# ....# ... .. .##
.### ..... ... ...###
..... #.. ###...###...
#..##.§.......#
#.J@○........#
####.°.......#
#######☼°.......#######
.........$.............
#######################


You could see a titanic slime creature.

Vanquished Creatures
  An orc warlord (Bailey)
  Snorg (D:10)
  Fannar (D:11)
  Harold (D:10)
  A boulder beetle (D:12)
  4 two-headed ogres
  Pikel (D:7)
  An ugly thing (D:12)
  2 cyclopes
  Maurice (D:8)
  A gargoyle (D:11)
  Maggie (D:8)
  5 kobold demonologists
  2 unseen horrors
  9 trolls
  7 slime creatures
  3 shadows
  3 wraiths
  7 yaks
  A wyvern (D:8)
  15 vampire mosquitoes
  4 steam dragons
  2 water moccasins
  15 orc warriors
  3 black bears
  2 ice beasts
  2 sky beasts
  2 ogres
  4 centaurs
  A lemure (D:7)
  A kobold brigand (D:12)
  9 bullfrogs
  An elf zombie (Ossuary)
  A gnoll sergeant (D:8)
  2 scorpions
  A necrophage (D:3)
  4 wights (D:7)
  11 killer bees
  5 howler monkeys
  2 human zombies (Ossuary)
  2 centaur zombies (Ossuary)
  9 orc priests
  4 hounds
  A jelly (D:5)
  Crazy Yiuf (D:2)
  9 orc wizards
  2 iguanas
  Natasha (D:2)
  2 mummies (Ossuary)
  Robin (D:2)
  24 gnolls
  7 adders
  2 ufetubi (D:5)
  2 adder zombies (Ossuary)
  A worm (D:3)
  A dart slug (D:5)
  33 orcs
  10 endoplasms
  A giant cockroach (D:3)
  21 goblins
  16 hobgoblins
  4 jackals (D:1)
  3 quokkas (D:1)
  5 ball pythons
  3 bats
  8 frilled lizards
  A goblin zombie (Ossuary)
  12 hobgoblin zombies (Ossuary)
  10 kobolds
  9 kobold zombies (Ossuary)
  7 orc zombies (Ossuary)
  7 rats
  A rat zombie (Ossuary)
360 creatures vanquished.

Vanquished Creatures (others)
  24 fungi (D:11)
  27 plants
51 creatures vanquished.

Grand Total: 411 creatures vanquished

Notes
Turn   | Place    | Note
-------+----------+-------------------------------------------
     0 | D:1      | Sabo the Armataur Fighter began the quest for the Orb.
     0 | D:1      | Reached XP level 1. HP: 19/19 MP: 1/1
   119 | D:1      | Found a faded altar of an unknown god.
   133 | D:1      | Prayed at the altar of an unknown god.
   133 | D:1      | Became a worshipper of Qazlal Stormbringer
   133 | D:1      | Reached * piety under Qazlal
   175 | D:1      | Reached XP level 2. HP: 19/26 MP: 2/2
   380 | D:1      | Found Hisohiar's General Store.
   394 | D:1      | Bought a scroll of identify for 28 gold pieces
  1000 | D:2      | Reached XP level 3. HP: 26/32 MP: 3/3
  1004 | D:2      | Reached ** piety under Qazlal
  1072 | D:2      | Noticed Robin
  1089 | D:2      | Killed Robin
  1467 | D:2      | Found Bufruv Jamin's Antique Armour Boutique.
  1746 | D:2      | Noticed Natasha
  1748 | D:2      | Killed Natasha
  1749 | D:2      | Reached XP level 4. HP: 39/39 MP: 4/4
  2001 | D:2      | Found a runed translucent door.
  2002 | D:2      | Noticed Crazy Yiuf
  2008 | D:2      | Killed Crazy Yiuf
  2546 | D:3      | Found a sparkling altar of Nemelex Xobeh.
  2546 | D:3      | Found a glowing golden altar of the Shining One.
  2612 | D:3      | Reached XP level 5. HP: 48/48 MP: 5/5
  2766 | D:3      | Reached skill level 5 in Armour
  2865 | D:3      | Reached skill level 1 in Maces & Flails
  3303 | D:3      | Reached XP level 6. HP: 38/54 MP: 6/6
  3303 | D:3      | Reached *** piety under Qazlal
  4360 | D:5      | Entered Level 5 of the Dungeon
  4379 | D:5      | Identified the +7 plate armour of Satisfaction {rPois rC+}
  4745 | D:5      | Reached XP level 7. HP: 62/62 MP: 7/7
  4775 | D:5      | Reached skill level 1 in Stealth
  4873 | D:5      | Reached skill level 1 in Dodging
  5312 | D:6      | Noticed a steam dragon
  5319 | D:6      | Killed a steam dragon
  5322 | D:6      | Reached skill level 5 in Shields
  5345 | D:6      | Reached XP level 8. HP: 60/70 MP: 8/8
  5345 | D:6      | Found a shimmering altar of Xom.
  5482 | D:6      | Found a sand-covered staircase.
  5490 | Ossuary  | Entered an ossuary
  5544 | Ossuary  | Reached **** piety under Qazlal
  5661 | Ossuary  | Reached skill level 5 in Maces & Flails
  6065 | D:6      | Found a staircase to the Ecumenical Temple.
  6238 | D:7      | Reached skill level 5 in Fighting
  6242 | D:7      | Reached XP level 9. HP: 79/79 MP: 9/9
  6455 | D:7      | Noticed Pikel
  6467 | D:7      | Killed Pikel
  6976 | D:7      | Noticed a troll
  6984 | D:7      | Killed a troll
  6984 | D:7      | Reached ***** piety under Qazlal
  6993 | D:7      | Noticed a two-headed ogre
  6998 | D:7      | Killed a two-headed ogre
  7011 | D:7      | Killed an unseen horror
  7012 | D:7      | Reached XP level 10. HP: 55/88 MP: 10/10
  7466 | D:8      | Found a flagged portal.
  7510 | Bailey   | Entered a bailey
  7650 | Bailey   | Noticed an orc warlord
  7670 | Bailey   | Killed an orc warlord
  8094 | Bailey   | Reached skill level 10 in Maces & Flails
  8094 | Bailey   | Reached XP level 11. HP: 100/100 MP: 11/11
  8094 | Bailey   | Reached XP level 12. HP: 109/109 MP: 12/12
  8292 | D:8      | Noticed Maggie
  8320 | D:8      | Killed Maggie
  8477 | D:8      | Noticed Maurice
  8482 | D:8      | Killed Maurice
  8717 | D:8      | Noticed a two-headed ogre
  8724 | D:8      | Killed a two-headed ogre
  9835 | D:9      | Identified the +0 pair of boots of Good Intentions {Dex+4}
 10024 | D:10     | Entered Level 10 of the Dungeon
 10045 | D:10     | Reached skill level 10 in Shields
 10126 | D:10     | Noticed Harold
 10132 | D:10     | Killed Harold
 10350 | D:10     | Noticed Snorg
 10356 | D:10     | Killed Snorg
 10430 | D:10     | Reached XP level 13. HP: 112/115 MP: 13/13
 10976 | D:11     | Found a staircase to the Orcish Mines.
 11019 | D:11     | Reached ****** piety under Qazlal
 11287 | D:11     | Found a staircase to the Lair.
 11435 | D:11     | Noticed Fannar
 11442 | D:11     | Killed Fannar
 11616 | D:11     | Found Zefef's Armour Emporium.
 11809 | D:11     | Bought a +2 cloak of preservation for 301 gold pieces
 12410 | D:12     | Found a radiant altar of Vehumet.
 12916 | D:13     | Upgraded the game from 0.30-a0-475-g03497ec522 to
                  | 0.30-a0-476-g330ca2eb8e
 13001 | D:13     | Slain by a titanic slime creature

Illustrated notes

Levels and vault maps discovered:
D:1:      ncdulo_lavacross, layout_basic, shapermc_ecumenical_altar_pompeii,
          serial_shops, shop
D:2:      layout_loops_corners, serial_shops, shop, uniq_crazy_yiuf_cottage,
          uniq_robin, uniq_natasha
D:3:      minmay_bubble_buster, layout_loops_ring,
          gammafunk_temple_overflow_wave, st_stairs_12, fountainhead
D:4:      layout_cave_pods
D:5:      layout_loops_ring
D:6:      layout_rooms, mainiacjoe_overflow_concentric_impassable,
          minmay_temple_entry_offerings, enter_ossuary_5, serial_bayou_pond_d
D:7:      minmay_cornered_nines, layout_loops_ring, minivault_10, uniq_pikel
D:8:      layout_loops_ring, enter_bailey_7, nicolae_figureground_pulse,
          uniq_maggie, uniq_maurice
D:9:      layout_basic, interstate_on_off
D:10:     layout_gridville, uniq_snorg, uniq_harold
D:11:     layout_basic, due_lair_maze_entry_diamond,
          minmay_orc_entry_temple_small, serial_shops, shop, uniq_fannar
D:12:     layout_irregular_city, vehumet_altar_wand_db
D:13:     layout_rooms

Skill      XL: |  1  2  3  4  5  6  7  8  9 10 11 12 13 |
---------------+----------------------------------------+-----
Axes           | 2 3 |  3.2
Armour         | 4 5 6 7 12 13 | 13.3
Fighting       | 3 4 5 8 9 |  9.4
Maces & Flails | 1 3 4 6 8 10 12 13 | 13.3
Shields        | 4 5 6 9 10 11 | 11.6
Stealth        | 1 |  1.9
Dodging        | 1 |  1.6

Action                   |  1- 3 |  4- 6 |  7- 9 | 10-12 | 13-15 || total
-------------------------+-------+-------+-------+-------+-------++-------
Melee: War axe           |    81 |    20 |       |       |       ||   101
       Tailslap          |     4 |    11 |    20 |    32 |    40 ||   107
       Morningstar       |       |   106 |   191 |   251 |   222 ||   770
  Use: Scroll            |     1 |     7 |     8 |     7 |     2 ||    25
       Potion            |       |     1 |     1 |     4 |       ||     6
Armor: Scale mail        |    38 |     7 |       |       |       ||    45
       Ring mail         |       |    48 |       |       |       ||    48
       Plate armour      |       |    17 |   170 |   151 |   129 ||   467
Dodge: Dodged            |    34 |    42 |    43 |    44 |    47 ||   210
       Repelled          |       |       |       |     1 |     1 ||     2
Block: Buckler           |    22 |    63 |   105 |   172 |   206 ||   568

Table legend: (Time is in decaauts)
 A = Elapsed time spent in this place.
 B = Non-inter-level travel time spent in this place.
 C = Inter-level travel time spent in this place.
 D = Time resting spent in this place.
 E = Time spent auto-exploring this place.
 F = Levels seen in this place.
 G = Mean time per level.
                   A        B        C        D        E       F      G
               +--------+--------+--------+--------+--------+-----+--------+
         Total |  13099 |  13099 |      0 |   2207 |      0 |  15 |  873.3 |
       Dungeon |  12072 |  12072 |      0 |   1895 |      0 |  13 |  928.6 |
       Ossuary |    307 |    307 |      0 |     20 |      0 |   1 |  307.0 |
        Bailey |    719 |    719 |      0 |    292 |      0 |   1 |  719.0 |
               +--------+--------+--------+--------+--------+-----+--------+

Top non-repeatable levels by time:
     D:2: 1373 daAuts
     D:7: 1194 daAuts
     D:3: 1187 daAuts
     D:8: 1059 daAuts
     D:5: 960 daAuts
     D:1: 952 daAuts
    D:10: 946 daAuts
     D:4: 928 daAuts
    D:12: 919 daAuts
    D:11: 868 daAuts
     D:9: 845 daAuts
  Bailey: 719 daAuts
     D:6: 629 daAuts
 Ossuary: 307 daAuts
    D:13: 209 daAuts
